Get step-by-step instructions on how to execute this build order below. Start the game timer, and the build order will tick by so you can play in parallel with StarCraft on a second screen or mobile device.

Game Time

  0:00

Last Step

  N/A

Next Step

Upcoming Step



Don't want to look back and forth between 2 screens? Try out our Overwolf App, the Spawning Tool Build Advisor to get an in-game overlay with this build!

Complete Build Order

  12  0:01  Probe (Chrono Boost)  
  13  0:11  Probe (Chrono Boost)  
  14  0:17  Pylon  
  14  0:22  Probe (Chrono Boost)  
  15  0:36  Probe (Chrono Boost)  
  15  0:41  Gateway  
  16  0:46  Probe (Chrono Boost)  
  17  0:51  Assimilator  
  18  0:57  Probe (Chrono Boost)  
  18  1:17  Nexus  
  18  1:20  Probe (Chrono Boost)  
  19  1:30  Cybernetics Core  
  19  1:34  Probe (Chrono Boost)  
  20  1:42  Assimilator  
  20  1:44  Probe (Chrono Boost)  
  21  1:51  Pylon  
  21  1:55  Probe (Chrono Boost)  
  22  2:10  Robotics Facility  
  22  2:17  Warp Gate (Chrono Boost)  
  22  2:27  Gateway  
  22  2:29  Probe  
  23  2:33  Stalker (Chrono Boost)  
  25  2:45  Probe  
  25  2:47  Probe  
  26  2:57  Probe  
  26  3:00  Probe  
  27  3:09  Probe  
  27  3:10  Probe  
  29  3:13  Warp Prism  
  31  3:22  Mothership Core  
  31  3:26  Stalker (Chrono Boost)  
  35  3:29  Probe  
  36  3:40  Probe  
  36  3:43  Probe  
  38  3:48  Assimilator  
  38  3:54  Pylon  
  38  3:57  Immortal (Chrono Boost)  
  38  3:58  Probe  
  38  4:00  Probe  
  44  4:14  Twilight Council  
  44  4:15  Probe x2  
  44  4:17  Pylon  
  46  4:29  Gateway  
  46  4:30  Gateway  
  46  4:34  Pylon  
  46  4:36  Probe  
  47  4:50  Charge (Chrono Boost)  
  47  4:54  Immortal  
  51  5:11  Zealot  
  51  5:12  Zealot  
  51  5:13  Probe  
  55  5:14  Probe  
  57  5:24  Pylon  
  57  5:29  Probe  
  57  5:30  Probe, Forge  
  57  5:31  Pylon  
  59  5:36  Immortal  
  63  5:44  Zealot x2  
  67  5:58  Probe  
  67  5:59  Probe  
  67  6:03  Protoss Ground Weapons Level 1 (Chrono Boost)  
  69  6:04  Zealot  
  69  6:05  Zealot x3  
  69  6:10  Probe  
  77  6:12  Probe  
  79  6:18  Photon Cannon  
  79  6:20  Probe  
  79  6:21  Photon Cannon  
  79  6:24  Probe  
  81  6:37  Zealot x2  
  81  6:38  Zealot  
  73  6:53  Zealot  
  75  6:57  Probe, Immortal  
  75  6:59  Probe  
  81  7:10  Pylon  
  81  7:16  Nexus  
  81  7:17  Zealot x2  
  85  7:28  Probe, Pylon  
  85  7:30  Probe, Pylon  
  85  7:35  Assimilator  
  87  7:39  Probe, Pylon  
  87  7:42  Probe  
  89  7:46  Pylon  
  89  7:49  Probe  
  89  7:54  Probe, Zealot x2  
  89  7:55  Zealot  
  89  7:56  Zealot  
  99  8:32  Zealot x4  
  91  8:49  Immortal  
  95  9:02  Probe  
  95  9:03  Probe  
  95  9:05  Probe  
  98  9:10  Zealot x4  
  98  9:13  Probe  
  98  9:16  Probe  
  108  9:21  Gateway  
  108  9:24  Assimilator, Pylon  
  108  9:27  Pylon  
  108  9:29  Pylon  
  108  9:32  Pylon  
  108  9:40  Gateway  
  108  9:41  Gateway  
  108  9:42  Gateway  
  108  9:44  Probe x2  
  108  9:45  Probe  
  108  9:47  Zealot, Pylon  
  108  9:48  Zealot x3  
  108  9:50  Pylon